Unix NetHack Version 5.0.0-0 post-release - last build Jul 19 2026 19:10:59 (3aa4ab31751d3886436d94b585a96704892fd477,branch:main).

Game began 2026-07-24 22:39:21, ended 2026-07-24 23:36:22.

Jinnora, neutral female human Monk

                          ------------------------
                          |.^^^^..............^.`|
                          |$-------------------..|
                          |.|        -----    |.----
                          |)|        |..$--  --.|.%|
                          |.|        |..`.|--|.....|
                          |.|        |.``.|..|.....|
                          |[|        --`.....|....--
                          |$|------   |...|.......|
                          |.|$[$$$|-- |.1.|`.|f...|
                          |.|$$$$$+.| |...|---c...|
                          |)|.$$$$|-| --..|)%@....|
                          |!+.$$$$+.|  --.|.%..----
                          --|.$$$$|-|   |.--.---
                            |)$$$$+?|   |.....|
                            |$$?$)|--   |..|.>|
                            -------     -------

Jinnora the Initiate            St:18 Dx:14 Co:16 In:10 Wi:13 Ch:10  Neutral
Dlvl:4  $:2044 HP:0(66) Pw:39(39) AC:7  Xp:8/1502 T:6437 

Latest messages:
 U - an uncursed scroll labeled EIRIS SAZUN IDISI.
 u - an uncursed scroll labeled ELAM EBOW.
 B - 2 uncursed scrolls labeled PRIRUTSENIE.
 y - a cursed scroll labeled PRIRUTSENIE.
 O - an uncursed scroll labeled VAS CORP BET MANI.
 p - 2 uncursed scrolls labeled VENZAR BORGAVVE.
 R - a blessed spellbook of protection.
 x - an uncursed milky potion.
 V - a blessed pink potion {buy 267}.
 W - an uncursed purple-red potion.
 C - 2 uncursed sky blue potions.
 A - a blessed swirly potion.
 d - 4 uncursed potions of healing.
 o - an uncursed pearl ring.
 w - an uncursed shiny ring.
 You see here an ogre corpse.
 There are many objects here.
 f - a twisted ring.
 k - a wire ring.
 g - a balsa wand.
 i - an uncursed wand called iron nm.
 Y - a wand called short nm.
 c - a wand of digging.
 D - an uncursed wand of secret door detection.
 q - an uncursed horn.
 Z - an uncursed candle {buy 13}.
 j - a cursed looking glass.
 l - an uncursed magic marker (0:19).
 n - an uncursed magic whistle.
 r - a cursed green gem.
 Your knapsack cannot accommodate any more items.
 What do you want to use or apply? [cgijlnqsDLQRYZ or ?*] s
 What do you want to drop? [$a-zA-Z or ?*] H
 You drop a club.
 H - a cursed orange gem.
 What do you want to use or apply? [cgijlnqsDLQRYZ or ?*] s
 You put 3 blue gems into the bag called sack.
 You put a cursed green gem into the bag called sack.
 You put a cursed orange gem into the bag called sack.
 You put an orange gem into the bag called sack.
 You put a white gem into the bag called sack.
 You put a yellow gem into the bag called sack.
 r - an uncursed red gem.
 You see here an ogre corpse.
 The cockatrice bites!
 The cockatrice touches you!
 You hear the cockatrice's hissing!
 You hit the cockatrice!
 You turn to stone...
 Do you want your possessions identified? [ynq] (y) q

Inventory:
 Coins    ('$')
  $ - 2044 gold pieces
 Amulets  ('"')
  t - an uncursed amulet of reflection
 Weapons  (')')
  E - 10 uncursed +2 darts
  P - 8 uncursed +0 darts
  G - 11 uncursed +0 shuriken
 Armor    ('[')
  a - an uncursed +2 pair of leather gloves
  z - an uncursed +0 cloak of protection
  b - an uncursed +1 robe
 Comestibles  ('%')
  e - 4 uncursed food rations
  h - 3 uncursed fortune cookies
  m - an uncursed lichen corpse
  I - an uncursed lizard corpse
 Scrolls  ('?')
  M - a blessed scroll of destroy armor
  J - a blessed scroll of earth
  K - 2 uncursed scrolls of earth
  O - an uncursed scroll of enchant armor
  p - 2 uncursed scrolls of enchant weapon
  N - an uncursed scroll of fire
  U - an uncursed scroll of food detection
  u - an uncursed scroll of light
  B - 2 uncursed scrolls of remove curse
  y - a cursed scroll of remove curse
 Spellbooks  ('+')
  R - a blessed spellbook of protection
 Potions  ('!')
  A - a blessed potion of booze
  F - 2 uncursed potions of extra healing
  x - an uncursed potion of gain ability
  W - an uncursed potion of gain energy
  d - 4 uncursed potions of healing
  V - a blessed potion of levitation
  C - 2 uncursed potions of see invisible
 Rings    ('=')
  w - an uncursed +0 ring of increase accuracy
  k - a cursed ring of levitation
  f - an uncursed ring of searching
  o - an uncursed ring of teleportation
 Wands    ('/')
  c - an uncursed wand of digging (0:3)
  i - an uncursed wand of light (0:12)
  g - an uncursed wand of lightning (0:5)
  Y - an uncursed wand of locking (0:5)
  Q - an uncursed wand of make invisible (0:4)
  D - an uncursed wand of secret door detection (0:11)
  L - an uncursed wand of undead turning (0:4)
 Tools    ('(')
  s - an uncursed sack containing 12 items
  q - an uncursed tooled horn
  l - an uncursed magic marker (0:19)
  n - an uncursed magic whistle
  j - a cursed mirror
  Z - an uncursed tallow candle
 Gems/Stones  ('*')
  r - an uncursed worthless piece of red glass

Contents of the sack:
  5 uncursed apples
  7 uncursed oranges
  2 uncursed tripe rations
  an uncursed potion of water
  an uncursed potion of object detection
  a cursed ring of polymorph
  3 uncursed worthless pieces of blue glass
  a cursed worthless piece of green glass
  a cursed agate stone
  an uncursed worthless piece of orange glass
  an uncursed worthless piece of white glass
  an uncursed worthless piece of yellow glass

Jinnora the Monk's attributes:

Background:
 You were an Initiate, a level 8 female human Monk.
 You were neutral, on a mission for Chih Sung-tzu
 who was opposed by Shan Lai Ching (lawful) and Huan Ti (chaotic).
 You were right-handed.
 You were in Sokoban, on level 4.
 You entered the dungeon 6437 turns ago.
 It was nighttime.
 You had 1502 experience points, 1058 more were needed to attain level 9.

Basics:
 You had 0 out of 66 hit points.
 You had all 39 energy points (spell power).
 Your armor class was 7.
 Your wallet contained 2044 zorkmids.
 Autopickup was off.

Final Characteristics:
 Your strength was 18 (limit:18/100).
 Your dexterity was 14 (limit:18).
 Your constitution was 16 (limit:18).
 Your intelligence was 10 (limit:18).
 Your wisdom was 13 (peak:14, limit:18).
 Your charisma was 10 (limit:18).

Final Status:
 You weren't hungry.
 You were unencumbered.
 You were bare handed.
 You were skilled in martial arts and could have enhanced that.
 You weren't wearing any armor.

Final Attributes:
 You were piously aligned.
 You were sleep resistant.
 You were poison resistant.
 You saw invisible.
 You were warned.
 You were stealthy.
 You had a small defense bonus (+3).
 You were warded.
 You were fast.
 You were very unlucky.
 You are dead.

Miscellaneous:
 You didn't encounter any bones levels.
 Total elapsed playing time was 57 minutes and 1 second.

Major events:
 Turn
    1: Jinnora the neutral female human Monk entered the dungeon
  492: entered the Gnomish Mines
 1369: attained the rank of Novice (level 3)
 2364: entered Sokoban
 2537: attained the rank of Initiate (level 6)
 2619: completed 1st Sokoban level
 4564: reached Mine Town
 5356: completed 2nd Sokoban level
 5649: completed 3rd Sokoban level
 6437: petrified by a cockatrice

Spells:
 Name                 Level Category     Fail Retention
 protection             1   clerical      36%   51%-75%

Skills:
 Fighting Skills
   martial arts       [Skilled]
 Weapon Skills
   quarterstaff       [Unskilled]
   spear              [Unskilled]
   crossbow           [Unskilled]
   shuriken           [Unskilled]
 Spellcasting Skills
   attack spells      [Unskilled]
   healing spells     [Basic]
   divination spells  [Unskilled]
   enchantment spells [Unskilled]
   clerical spells    [Unskilled]
   escape spells      [Unskilled]
   matter spells      [Unskilled]

Voluntary challenges:
 Character rerolling was not enabled.
 You were vegetarian.
 You never hit with a wielded weapon.
 You never genocided any monsters.
 You never polymorphed an object.
 You never changed form.
 You used no wishes.
 You violated the special Sokoban rules 5 times.
Achievements:
 You entered the Gnomish Mines.
 You attained the rank of Novice.
 You entered Sokoban.
 You attained the rank of Initiate.
 You entered Minetown.
 You entered a shop.
 You entered a temple.

 The Dungeons of Doom: levels 1 to 9
    Level 1:
       An altar, a sink.
    Level 2:
       Some fountains, a grave.
       Stairs down to The Gnomish Mines.
    Level 3:
       An altar to Chih Sung-tzu, a sink.
    Level 4:
       Many fountains, a sink.
    Level 5:
       A fountain.
    Level 6:
       Some fountains.
    Level 7:
       Many fountains.
       Oracle of Delphi.
    Level 8:
       Stairs up to Sokoban, level 7.
    Level 9:
 The Gnomish Mines: levels 3 to 5
    Level 3:
    Level 4:
    Level 5:
       Many shops, a temple and an altar, some fountains.
 Sokoban: levels 7 up to 4
    Level 4: <- You were here.
       Unsolved.
       Final resting place for
          you, petrified by a cockatrice.
    Level 5:
       Solved.
    Level 6:
       Solved.
    Level 7:
       Solved.


Vanquished creatures:
  a large mimic
  a warhorse
  a pyrolisk
 an energy vortex
  2 watchmen
 an amorous demon
  a giant beetle
  a gremlin
 51 leprechauns
  2 ogres
  a gold golem
  a lizard
  a dingo
  a housecat
  a jaguar
  a raven
  2 gnome mummies
  4 soldier ants
  3 fire ants
  a bugbear
  a quasit
  a wood nymph
  a mountain nymph
  2 orc shamans
  2 rock piercers
  a rock mole
  a fog cloud
  a violet fungus
  3 gnome leaders
  2 gnomish wizards
  2 kobold mummies
  a giant ant
  a floating eye
  6 dwarves
  a homunculus
  a kobold leader
  a kobold shaman
  5 hill orcs
  7 rothes
  a giant bat
 an orc zombie
  a werejackal
  4 iguanas
  3 acid blobs
  a hobbit
  a hobgoblin
  3 giant rats
  a cave spider
  2 brown molds
  a green mold
  2 red molds
 21 gnomes
  2 gnome zombies
  6 geckos
  7 jackals
  2 foxes
  2 kobolds
  5 goblins
  2 sewer rats
  5 grid bugs
  8 lichens
  5 newts
204 creatures vanquished.

No species were genocided or became extinct.

Game over:
                       ----------
                      /          \
                     /    REST    \
                    /      IN      \
                   /     PEACE      \
                  /                  \
                  |     Jinnora      |
                  |     2044 Au      |
                  |  petrified by a  |
                  |    cockatrice    |
                  |                  |
                  |                  |
                  |       2026       |
                 *|     *  *  *      | *
        _________)/\\_//(\/(/\)/\//\/|_)_______

Goodbye Jinnora the Monk...

You turned to stone in Sokoban on dungeon level 4 with 14526 points,
and 2044 pieces of gold, after 6437 moves.
You were level 8 with a maximum of 66 hit points when you turned to stone.

